 Dungeon Crawl Stone Soup version 0.20.1-1-g8b1a95d (webtiles) character file.

3677 Reinor the Nimble (level 9, -1/55 HPs)
             Began as a Deep Elf Earth Elementalist on July 2, 2017.
             Was a Follower of Vehumet.
             Slain by a two-headed ogre
             ... wielding a +0 giant spiked club
              (33 damage)
             ... on level 8 of the Dungeon.
             The game lasted 00:40:41 (10545 turns).

Reinor the Nimble (Deep Elf Earth Elementalist)    Turns: 10545, Time: 00:40:42

Health: -1/55      AC:  6    Str:  7    XL:     9   Next: 89%
Magic:  10/22      EV: 15    Int: 27    God:    Vehumet [*.....]
Gold:   275        SH:  0    Dex: 11    Spells: 7/22 levels left

rFire    . . .     SeeInvis .   v - staff of summoning (curse)
rCold    . . .     Gourm    +   (no shield)
rNeg     . . .     Faith    .   i - +2 leather armour {rPois}
rPois    +         Spirit   .   F - +1 hat
rElec    .         Reflect  .   (no cloak)
rCorr    .         Harm     .   (no gloves)
MR       .....                  (no boots)
Stlth    ++........             m - amulet of the gourmand
Regen    0.2/turn               c - +3 ring of intelligence
MPRegen  0.2/turn               q - ring of loudness (curse)

@: no status effects
A: blurry vision 1, clumsy 2, sense surroundings 1, robust 1, strong 1
a: Renounce Religion


You were on level 8 of the Dungeon.
You worshipped Vehumet.
Vehumet was aware of your devotion.
You were completely stuffed.

You visited 2 branches of the dungeon, and saw 9 of its levels.

You collected 301 gold pieces.
You spent 26 gold pieces at shops.

Inventory:

Hand Weapons
 y - the +11 scimitar "Evyaq" {drain, rN+}
   (You found it on level 5 of the Dungeon)

   A truly terrible weapon, it drains the life of those it strikes.
   It protects you from negative energy.
 C - a +0 quarterstaff of protection
Missiles
 b - 122 stones (quivered)
Armour
 i - a +2 leather armour of poison resistance (worn)
 z - the +5 fire dragon scales "Wyryc" {rF++ rC- MR+ Regen+ Int+7 Dex-3}
   (You found it on level 5 of the Dungeon)

   It affects your intelligence (+7).
   It affects your dexterity (-3).
   It greatly protects you from fire.
   It makes you vulnerable to cold.
   It affects your resistance to hostile enchantments.
   It increases your rate of regeneration.
 F - a +1 hat (worn)
Magical Staves
 o - an uncursed staff of air {unknown}
 v - a cursed staff of summoning (weapon)
Jewellery
 c - a +3 ring of intelligence (left hand)
 j - an uncursed ring of flight
 m - an amulet of the gourmand (around neck)
 q - a cursed ring of loudness (right hand)
Wands
 r - a wand of lightning (2/15)
 B - a wand of flame (22/48)
Scrolls
 f - a scroll of identify
 g - 2 scrolls of teleportation
 w - a scroll of fear
Potions
 a - a potion of berserk rage
 h - 3 potions of mutation
 l - a potion of invisibility
 n - 2 potions of heal wounds
 p - a potion of lignification {unknown}
 t - a potion of haste {unknown}
 u - a potion of ambrosia {unknown}
 x - a potion of flight {unknown}
 A - 3 potions of might
 D - 2 potions of curing {unknown}
Books
 e - a book of Geomancy

   Spells                             Type                      Level
   a - Sandblast                      Earth                        1
   b - Passwall                       Transmutation/Earth          2
   c - Stone Arrow                    Conjuration/Earth            3
   d - Petrify                        Transmutation/Earth          4
   e - Lee's Rapid Deconstruction     Earth                        5
Comestibles
 d - 6 bread rations
 k - 2 royal jellies
 E - 4 chunks of flesh


   Skills:
 - Level 3.0 Fighting
 - Level 8.4 Dodging
 - Level 8.4 Stealth
 + Level 7.4 Spellcasting
 - Level 5.0 Conjurations
 + Level 3.2 Transmutations
 - Level 8.1 Earth Magic


You had 7 spell levels left.
You knew the following spells:

 Your Spells              Type           Power        Failure   Level  Hunger
a - Sandblast             Erth           ######       1%          1    None
b - Passwall              Tmut/Erth      #####.....   1%          2    None
c - Stone Arrow           Conj/Erth      #####.       1%          3    None
d - Petrify               Tmut/Erth      #####...     8%          4    ##.....
e - Lee's Rapid Deconstr  Erth           ######....   9%          5    ####...


Dungeon Overview and Level Annotations

Branches:
Dungeon (8/15)             Temple (1/1) D:4
   Lair: D:8-11

Altars:
Ashenzari
Cheibriados
Dithmenos
Elyvilon
Fedhas
Gozag
Hepliaklqana
Kikubaaqudgha
Makhleb
Nemelex Xobeh
Okawaru
Qazlal
Ru
Sif Muna
Trog
Uskayaw
Vehumet
Xom
Yredelemnul
Zin
The Shining One

Shops:
D:5 *

Annotations:
D:5 2 runed doors
D:6 stultus's ghost, novice TrMo


Innate Abilities, Weirdness & Mutations

Scrolls take you a little longer to read.
You are very clumsy. (Dex -4)
You passively map a small area around you.
You are robust. (+10% HP)
Your muscles are strong. (Str +2)


Message History

The two-headed ogre is heavily wounded.
Casting: Stone Arrow
Confirm with . or Enter, or press ? or * to list all spells.
Aiming: Stone Arrow
Press: ? - help, Shift-Dir - straight line, f/p - two-headed ogre
Aim: a two-headed ogre, wielding a giant spiked club and a giant club (heavily wounded)
The stone arrow hits the two-headed ogre.
The two-headed ogre is severely wounded.
The two-headed ogre hits you with a giant spiked club!!
The two-headed ogre barely misses you.
Casting: Stone Arrow
Confirm with . or Enter, or press ? or * to list all spells.
Aiming: Stone Arrow
Press: ? - help, Shift-Dir - straight line, f/p - two-headed ogre
Aim: a two-headed ogre, wielding a giant spiked club and a giant club (severely wounded)
The stone arrow hits the two-headed ogre.
The two-headed ogre is almost dead.
The two-headed ogre hits you with a giant spiked club!!
Ouch! That really hurt!
You die...

,, * ##.......##
, ##>........###
#..........<.##
............# , *
..........#
#........# *
#.O.....# , .#*
#.@....# * ..#
##......## , ,
...# #........##
#...#
#.........#* , *
#...##....####..#
#.......## *#..
##.....## # ,
##...## #...##


You could see a two-headed ogre.

Vanquished Creatures
  Pikel (D:5)
  A slave (D:5)
  An orc warrior (D:6)
  4 sky beasts
  2 black bears
  A necrophage (D:7)
  5 ogres
  4 centaurs
  A crocodile (D:8)
  4 bullfrogs
  3 scorpions
  A howler monkey (D:6)
  6 crimson imps
  3 hounds
  A quasit (D:5)
  A centaur skeleton (D:4)
  An orc priest (D:6)
  A jelly (D:8)
  A gnoll shaman (D:5)
  7 orc wizards
  A bullfrog skeleton (D:5)
  2 iguanas
  7 worker ants
  Robin (D:4)
  4 gnolls (D:5)
  12 adders
  2 shadow imps (D:7)
  2 oozes
  An adder zombie (D:5)
  An adder skeleton (D:5)
  3 worms
  4 dart slugs
  2 leopard geckos
  19 orcs
  3 ball pythons
  11 bats
  8 giant cockroaches
  20 goblins
  7 hobgoblins
  19 jackals
  8 kobolds
  4 quokkas
  4 frilled lizards
  A leopard gecko skeleton (D:7)
  A quokka skeleton (D:7)
  12 rats
208 creatures vanquished.

Vanquished Creatures (others)
  A slave (D:5)
  A centaur (D:5)
  A hound (D:5)
  A jelly (D:5)
  A worker ant (D:5)
  A gnoll (D:5)
  An adder zombie (D:5)
  A worm (D:5)
  2 orcs (D:5)
  A frilled lizard (D:5)
11 creatures vanquished.

Grand Total: 219 creatures vanquished

Notes
Turn   | Place    | Note
-------+----------+-------------------------------------------
     0 | D:1      | Reinor the Deep Elf Earth Elementalist began the quest for the Orb.
     0 | D:1      | Reached XP level 1. HP: 10/10 MP: 6/6
   617 | D:1      | Reached XP level 2. HP: 9/15 MP: 6/8
   621 | D:1      | Learned a level 2 spell: Passwall
  1023 | D:1      | Reached XP level 3. HP: 14/19 MP: 6/9
  1299 | D:1      | Learned a level 3 spell: Stone Arrow
  1485 | D:2      | Reached skill level 5 in Earth Magic
  1935 | D:2      | Reached skill level 1 in Conjurations
  2140 | D:2      | Reached XP level 4. HP: 24/24 MP: 11/11
  3153 | D:3      | Found a faded altar of an unknown god.
  3499 | D:4      | Reached XP level 5. HP: 28/28 MP: 6/13
  3868 | D:4      | Noticed an ogre
  3881 | D:4      | Killed an ogre
  3881 | D:4      | Reached XP level 6. HP: 32/32 MP: 3/17
  4072 | D:4      | Noticed Robin
  4133 | D:4      | Killed Robin
  4647 | D:4      | Learned a level 4 spell: Petrify
  4653 | D:4      | Learned a level 5 spell: Lee's Rapid Deconstruction
  4828 | D:4      | Found a staircase to the Ecumenical Temple.
  4834 | Temple   | Entered the Ecumenical Temple
  5117 | D:5      | Entered Level 5 of the Dungeon
  5393 | D:5      | Reached skill level 5 in Dodging
  5393 | D:5      | Reached XP level 7. HP: 28/36 MP: 8/18
  5556 | D:5      | Found Neiwoemo's Assorted Antiques.
  5566 | D:5      | Bought a dark potion for 26 gold pieces
  5734 | D:5      | Found a large runed door.
  5734 | D:5      | Noticed Pikel
  5742 | D:5      | Killed Pikel
  5774 | D:5      | Found a large runed door.
  5859 | D:5      | Reached XP level 8. HP: 41/41 MP: 12/19
  6010 | D:5      | Found a large runed door.
  6010 | D:5      | Found a large runed door.
  6853 | D:5      | Reached skill level 5 in Conjurations
  6862 | D:5      | Got a bloodstained scimitar
  7146 | D:5      | Got transparent fire dragon scales
  7161 | D:5      | Identified the +5 fire dragon scales "Wyryc" {rF++ rC- MR+ Regen+ Int+7 Dex-3} (You found it on level 5 of the Dungeon)
  7211 | D:6      | Found a radiant altar of Vehumet.
  7333 | D:6      | Became a worshipper of Vehumet
  7379 | D:6      | Reached skill level 5 in Stealth
  7631 | D:6      | Reached XP level 9. HP: 35/45 MP: 1/20
  7798 | D:6      | Found a radiant altar of Vehumet.
  7953 | D:6      | Identified the +11 scimitar "Evyaq" {drain, rN+} (You found it on level 5 of the Dungeon)
  8242 | D:6      | Noticed stultus's ghost (novice TrMo)
  8816 | D:6      | Reached skill level 1 in Fighting
  9039 | D:7      | Reached * piety under Vehumet
  9039 | D:7      | Offered knowledge of Sting by Vehumet.
  9562 | D:7      | Gained mutation: You are robust. (+10% HP) [mutagenic meat]
  9563 | D:7      | Gained mutation: Scrolls take you a little longer to read. [mutagenic meat]
  9564 | D:7      | Gained mutation: Your muscles are strong. (Str +2) [mutagenic meat]
  9565 | D:7      | Gained mutation: You are clumsy. (Dex -2) [mutagenic meat]
  9566 | D:7      | Gained mutation: You passively map a small area around you. [mutagenic meat]
  9567 | D:7      | Gained mutation: You are very clumsy. (Dex -4) [mutagenic meat]
  9670 | D:7      | Found a sacrificial altar of Ru.
  9709 | D:7      | Found a bloodstained altar of Trog.
  9867 | D:7      | Found a shattered altar of Ashenzari.
  9871 | D:7      | Found a sacrificial altar of Ru.
  9873 | D:7      | Found a glowing golden altar of the Shining One.
  9948 | D:7      | Found a snail-covered altar of Cheibriados.
 10539 | D:8      | Noticed a two-headed ogre
 10545 | D:8      | Slain by a two-headed ogre

Skill      XL: |  1  2  3  4  5  6  7  8  9 |
---------------+----------------------------+-----
Earth Magic    | 4 5 7 8 |  8.1
Conjurations   | 1 2 3 5 |  5.0
Spellcasting   | 4 6 7 |  7.4
Dodging        | 5 8 |  8.4
Stealth        | 5 8 |  8.4
Fighting       | 3 |  3.0
Transmutations | 3 |  3.2

Action                   |  1- 3 |  4- 6 |  7- 9 || total
-------------------------+-------+-------+-------++-------
Melee: Unarmed           |   116 |    60 |       ||   176
       Staff             |       |       |    14 ||    14
 Cast: Sandblast         |    40 |    66 |    18 ||   124
       Stone Arrow       |     2 |    37 |   170 ||   209
       Passwall          |       |     8 |     3 ||    11
  Use: Scroll            |       |    10 |     9 ||    19
 Stab: Sleeping          |     6 |     3 |     1 ||    10
  Eat: Chunk             |     4 |    25 |    21 ||    50
Armor: Robe              |    25 |    19 |     2 ||    46
       Leather armour    |       |       |    16 ||    16
Dodge: Dodged            |    83 |    98 |    83 ||   264
